AoeStats
← Chigüiro

Arena

509549105Analyzed
4v4 RM · 6d ago on Sep 27, 2026· 50m 23s· 8 players
Game mode
Random Map
Map size
Large (8 player)
Population
200
Speed
Normal
Resources
Standard
Victory
Conquest
Starting age
Dark Age
Ending age
Imperial Age
RankedLock teamsTeams togetherTeam positionsShared explorationLock speedFull tech treeHidden civsTurbo modeCheats
Victory
Defeat
🇨🇳 Varangians · China
1595
+13
🇨🇴 Turks · Colombia
1570
+14
🇨🇳 Danes · China
1557
+15
🇹🇼 Mongols · Taiwan
1486
+18
🇨🇦 Bohemians · Canada
1656
-20
🇲🇽 Goths · Mexico
1560
-16
🇲🇽 Slavs · Mexico
1465
-12
🇺🇸 Magyars · United States
1459
-12
冬瀑
10:08 Feudal Age
10:51 Double-Bit Axe
13:39 Castle Age
14:37 Bow Saw
14:08 Horse Collar
19:51 Loom
22:30 Wheelbarrow
21:40 Town Watch
22:58 Stone Mining
24:25 Hand Cart
25:29 Stone Shaft Mining
28:32 Imperial Age
26:06 Heavy Plow
26:44 Scale Barding Armor
26:31 Gold Mining
27:50 Forging
28:33 Chain Barding Armor
29:07 Iron Casting
29:36 Conscription
29:07 Fletching
30:32 Two-Man Saw
29:45 Bloodlines
29:35 Husbandry
30:34 Plate Barding Armor
30:01 Elite Jarl
31:11 Elite Jarl
32:41 Crop Rotation
34:57 Blast Furnace
35:16 Fletching
36:29 Coinage
36:55 Bodkin Arrow
37:34 Caravan
38:04 Banking
Chigüiro
10:49 Feudal Age
14:42 Castle Age
12:37 Double-Bit Axe
12:33 Horse Collar
21:36 Forging
21:33 Town Watch
23:26 Iron Casting
24:26 Bow Saw
24:40 Scale Barding Armor
25:04 Bloodlines
26:46 Wheelbarrow
31:51 Imperial Age
30:43 Chain Barding Armor
30:45 Husbandry
31:20 Treadmill Crane
31:34 Fletching
31:57 Heavy Camel Rider
33:23 Plate Barding Armor
33:10 Loom
34:20 Conscription
34:55 Hand Cart
36:41 Masonry
37:34 Blast Furnace
38:01 Artillery
45:25 Guilds
45:15 Bodkin Arrow
47:02 Caravan
Geo
5:06 Loom
7:41 Feudal Age
8:23 Double-Bit Axe
10:37 Fletching
12:24 Horse Collar
19:43 Castle Age
17:52 Stone Mining
18:20 Gold Mining
19:27 Wheelbarrow
20:42 Bow Saw
21:17 Heavy Plow
27:17 Hand Cart
30:59 Imperial Age
29:04 Bodkin Arrow
30:33 Gold Shaft Mining
30:29 Masonry
30:37 Town Watch
32:50 Chemistry
31:56 Siege Engineers
32:04 Onager
33:10 Drill
33:10 Conscription
33:35 Bloodlines
33:25 Husbandry
33:24 Heavy Scorpion
35:30 Light Cavalry
36:51 Scale Mail Armor
37:01 Forging
36:12 Pikeman
36:53 Squires
36:38 Arson
36:14 Man-at-Arms
37:47 Long Swordsman
38:44 Fortified Wall
38:30 Murder Holes
38:52 Chain Mail Armor
39:12 Iron Casting
38:59 Two-Handed Swordsman
40:26 Champion
42:06 Hoardings
41:31 Nomads
42:21 Capped Ram
43:47 Plate Mail Armor
44:09 Hussar
45:15 Siege Ram
48:12 Blast Furnace
47:18 Scale Barding Armor
49:46 Caravan
51:02 Chain Barding Armor
教授
10:13 Feudal Age
11:14 Double-Bit Axe
13:44 Castle Age
12:32 Horse Collar
13:55 Loom
14:29 Gold Mining
15:17 Bow Saw
15:39 Redemption
17:10 Sanctity
19:55 Town Watch
20:54 Fervor
28:09 Wheelbarrow
33:26 Imperial Age
32:15 Hand Cart
32:19 Fletching
32:29 Padded Archer Armor
33:28 Onager
34:42 Bodkin Arrow
35:59 Chemistry
35:29 Conscription
35:34 Siege Onager
37:36 Siege Engineers
38:13 Northmen's Fury
41:50 Capped Ram
42:37 Elite Varangian Guard
43:18 Squires
43:03 Gambesons
43:04 Arson
43:21 Scale Mail Armor
43:31 Forging
44:46 Siege Ram
46:29 Man-at-Arms
48:21 Caravan
el_Feist
10:54 Feudal Age
11:57 Double-Bit Axe
12:12 Horse Collar
14:52 Castle Age
15:10 Wheelbarrow
16:06 Bow Saw
19:29 Heavy Plow
20:30 Loom
23:26 Gold Mining
26:40 Gold Shaft Mining
28:44 Imperial Age
26:30 Fletching
27:18 Bloodlines
27:10 Padded Archer Armor
27:07 Bodkin Arrow
27:45 Ballistics
28:25 Hand Cart
28:52 Stone Mining
29:28 Bracer
30:34 Chemistry
30:33 Leather Archer Armor
31:31 Recurve Bow
30:59 Heavy Cavalry Archer
32:57 Ring Archer Armor
32:31 Husbandry
32:40 Thumb Ring
33:01 Parthian Tactics
36:05 Hoardings
35:35 Elite Magyar Huszar
36:18 Corvinian Army
38:22 Cavalier
41:52 Scale Barding Armor
42:34 Light Cavalry
43:37 Chain Barding Armor
43:23 Caravan
43:07 Pikeman
43:48 Scale Mail Armor
44:59 Halberdier
46:41 Masonry
[DH]Howl Jenkins
4:41 Loom
13:10 Feudal Age
13:11 Man-at-Arms
17:29 Castle Age
15:40 Double-Bit Axe
16:43 Forging
17:16 Horse Collar
17:39 Long Swordsman
21:59 Squires
23:54 Bow Saw
25:20 Wheelbarrow
25:18 Heavy Plow
26:46 Hand Cart
27:23 Stone Mining
27:24 Gold Mining
32:14 Imperial Age
29:30 Town Watch
30:21 Stone Shaft Mining
30:10 Scale Mail Armor
30:45 Iron Casting
31:20 Chain Mail Armor
30:26 Pikeman
32:27 Anarchy
33:19 Conscription
32:21 Elite Huskarl
32:29 Halberdier
35:16 Perfusion
36:49 Blast Furnace
40:18 Two-Handed Swordsman
40:39 Champion
42:00 Fletching
41:53 Treadmill Crane
45:24 Chemistry
[DH]Misratronic
11:02 Feudal Age
15:00 Castle Age
12:57 Double-Bit Axe
15:09 Horse Collar
21:10 Wheelbarrow
23:13 Heavy Plow
23:42 Gold Mining
24:21 Hand Cart
25:22 Scale Mail Armor
25:34 Forging
28:55 Imperial Age
26:29 Scale Mail Armor
26:39 Forging
27:17 Ballistics
27:32 Stone Mining
27:34 Fletching
29:23 Heavy Scorpion
30:06 Bodkin Arrow
30:05 Guard Tower
31:17 Chemistry
30:45 Detinets
31:24 Masonry
30:42 Capped Ram
32:29 Crop Rotation
32:11 Bow Saw
34:38 Scale Barding Armor
35:13 Gold Shaft Mining
35:36 Iron Casting
35:46 Conscription
35:17 Light Cavalry
36:08 Bloodlines
35:59 Husbandry
36:45 Chain Barding Armor
37:25 Blast Furnace
36:27 Hussar
38:32 Siege Engineers
39:30 Chemistry
42:15 Plate Barding Armor
Aron
10:26 Feudal Age
11:33 Double-Bit Axe
14:04 Castle Age
15:07 Bow Saw
16:44 Fletching
17:51 Fletching
20:03 Sanctity
20:57 Atonement
22:26 Horse Collar
23:57 Redemption
26:44 Town Watch
30:50 Fervor
31:46 Town Patrol
32:22 Wheelbarrow
34:28 Imperial Age
32:37 Loom
32:56 Bodkin Arrow
34:35 Chemistry
34:06 Hand Cart
34:51 Ballistics
34:41 Masonry
34:37 Houfnice
37:06 Block Printing
36:21 Pikeman
37:01 Squires
37:24 Bracer
38:00 Architecture
37:12 Halberdier
38:09 Scale Mail Armor
39:59 Chain Mail Armor
39:54 Forging
40:02 Devotion
40:25 Heresy
41:57 Wagenburg Tactics
42:13 Conscription
42:59 Plate Mail Armor
43:05 Iron Casting
43:36 Guilds
43:51 Heavy Plow
45:48 Caravan
46:46 Siege Engineers
49:31 Guard Tower
50:09 Arrowslits
Connection lost

Rejoining the realm…

Still unreachable

The connection could not be restored.

Session expired

The server has moved on; the page needs a fresh start.